 Dungeon Crawl Stone Soup version 0.29-a0-857-g9b1aa3ac5b (webtiles) character file.

Game seed: 11666523123730966474

54 jimonade the Shooter (level 3, -1/21 HPs)
             Began as a Deep Elf Hunter on July 16, 2022.
             Succumbed to Sigmund's poison
             ... on level 2 of the Dungeon.
             The game lasted 00:02:05 (1389 turns).

jimonade the Shooter (Deep Elf Hunter)              Turns: 1389, Time: 00:02:05

Health: -1/21      AC:  3    Str:  8    XL:     3   Next: 66%
Magic:  7/7        EV: 12    Int: 15    God:
Gold:   107        SH:  0    Dex: 18    Spells: 4/4 levels left

rFire   . . .      SeeInvis .   a - +0 shortbow
rCold   . . .      Faith    .   (shield currently unavailable)
rNeg    . . .      Spirit   .   c - +0 leather armour
rPois   .          Reflect  .   p - +0 hat
rElec   .          Harm     .   (no cloak)
rCorr   .          Rampage  .   (no gloves)
Will    .....                   (no boots)
Stlth   ++........              (no amulet)
HPRegen 0.07/turn               (no ring)
MPRegen 0.10/turn               (no ring)

@: lethally poisoned (-1 -> -10)
A: no striking features
a: no special abilities


You were on level 2 of the Dungeon.
You visited 1 branch of the dungeon, and saw 2 of its levels.

You collected 107 gold pieces.

Inventory:

Hand Weapons
 a - a +0 shortbow (weapon)
 n - a +0 sling
Missiles
 l - 4 poisoned darts
Armour
 c - a +0 leather armour (worn)
 d - a +0 kite shield
 p - a +0 hat (worn)
Scrolls
 b - a scroll of immolation
 e - a scroll of teleportation {unknown}
 f - a scroll of blinking {unknown}
 g - 2 scrolls of enchant armour {unknown}
 h - 2 scrolls of identify {unknown}
 m - a scroll of enchant weapon {unknown}
 o - a scroll of brand weapon {unknown}
Potions
 i - 2 potions of attraction {unknown}
 j - a potion of ambrosia {unknown}
 k - a potion of lignification {unknown}
 q - a potion of haste {unknown}


   Skills:
 + Level 1.8 Fighting
 + Level 6.4 Ranged Weapons
 + Level 0.6 Armour
 + Level 2.6 Dodging
 - Level 1.2 Stealth
 * Level 1.4 Spellcasting


You had 4 spell levels left.
You didn't know any spells.
Your spell library was empty.

Dungeon Overview and Level Annotations

Branches:
Dungeon (2/15)

Altars:
Cheibriados

Annotations:
D:2 Sigmund


Message History

You kill the quokka!
No target in view!
No target in view!
HP restored.
Found a dagger.
A frilled lizard comes into view.
A frilled lizard is nearby!
You shoot an arrow.
The arrow hits the frilled lizard but does no damage.
The frilled lizard hisses angrily.
You shoot an arrow. The arrow hits the frilled lizard.
You kill the frilled lizard!
No target in view!
You now have 107 gold pieces (gained 15).
Sigmund and an endoplasm come into view.
Sigmund is wielding a +1 scythe of venom.
Found 4 stones.
Sigmund shouts!
An adder comes into view.
You shoot an arrow.
The arrow hits Sigmund but does no damage.
You shoot an arrow. The arrow closely misses Sigmund.
You shoot an arrow. The arrow closely misses Sigmund.
Sigmund points at you and mumbles some strange words.
The puff of flame hits you!
Ouch! That really hurt!
You are too injured to fight recklessly!
Fire: a) +0 shortbow
Press: ? - help, Q - select action, (/) - cycle Shift-Dir - straight line, f/p - Sigmund
Aim: Sigmund, wielding a +1 scythe of venom and wearing a +0 robe (61% to hit)
You shoot an arrow. The arrow closely misses Sigmund.
The adder hisses angrily.
Sigmund gestures at you while chanting.
You are confused.
You feel less confused. The adder closely misses you.
Sigmund hits you with a +1 scythe of venom!
* * * LOW HITPOINT WARNING * * *
You are lethally poisoned!
You die...

#......#.###...#.###....#..#.#.
#>...(.............#......##.#.
#.....)..<............#....#.#.
#.....................#........
#.......#......................
#...............>..............
##........#......................
#.........#......................
#....##.#.####..@.......######.#.
..#####...# #.....@.....# #.##
.........# ##.....S....## #.##
..####..####........##..## #..#
#...)..............###...# ##..
###..##.#.##.......###.#.#### ##.
##............####..........## ##
..............## #.###.###...####
.....†..(......# .# #.# #......#


You could see Sigmund and an adder.

Vanquished Creatures
  3 gnolls
  A ball python (D:1)
  An endoplasm (D:2)
  A giant cockroach (D:2)
  2 goblins (D:2)
  3 hobgoblins
  2 jackals (D:1)
  A quokka (D:2)
  6 bats
  2 frilled lizards
  A kobold (D:1)
  A rat (D:1)
24 creatures vanquished.

Notes
Turn   | Place    | Note
-------+----------+-------------------------------------------
     0 | D:1      | jimonade the Deep Elf Hunter began the quest for the Orb.
     0 | D:1      | Reached XP level 1. HP: 12/12 MP: 3/3
   523 | D:1      | Reached XP level 2. HP: 14/17 MP: 4/4
  1074 | D:2      | Found a snail-covered altar of Cheibriados.
  1081 | D:2      | Reached skill level 6 in Ranged Weapons
  1081 | D:2      | Reached skill level 1 in Spellcasting
  1081 | D:2      | Reached XP level 3. HP: 21/21 MP: 6/6
  1366 | D:2      | Noticed Sigmund
  1388 | D:2      | HP: 1/21 [Sigmund/+1 scythe of venom (9)]
  1389 | D:2      | Succumbed to Sigmund's poison

Illustrated notes

Levels and vault maps discovered:
D:1:      minmay_arrival_five_plusses, layout_basic
D:2:      layout_rooms, basic_altar, uniq_sigmund

Skill      XL: |  1  2 |
---------------+-------+-----
Ranged Weapons | 6 |  6.4
Spellcasting   | 1 |  1.4
Fighting       | |  1.8
Armour         | |  0.6
Dodging        | |  2.6
Stealth        | |  1.2

Action                   || total
-------------------------++-------
 Fire: Shortbow          ||    71
Armor: Leather armour    ||    11
Dodge: Dodged            ||    16

Table legend: (Time is in decaauts)
 A = Elapsed time spent in this place.
 B = Non-inter-level travel time spent in this place.
 C = Inter-level travel time spent in this place.
 D = Time resting spent in this place.
 E = Time spent auto-exploring this place.
 F = Levels seen in this place.
 G = Mean time per level.
                   A        B        C        D        E       F      G
               +--------+--------+--------+--------+--------+-----+--------+
         Total |   1409 |   1268 |    141 |      0 |   1082 |   2 |  704.5 |
       Dungeon |   1409 |   1268 |    141 |      0 |   1082 |   2 |  704.5 |
               +--------+--------+--------+--------+--------+-----+--------+

Top non-repeatable levels by time:
     D:1: 1122 daAuts
     D:2: 287 daAuts
